 Dungeon Crawl Stone Soup version 0.25-a0-426-g7d9e569eea (webtiles) character file.

Game seed: 5858033433170001557, levelgen mode: deterministic

0 Gargoyl the Skirmisher (level 1, -1/19 HPs)
             Began as a Centaur Abyssal Knight on Jan 25, 2020.
             Was a Follower of Lugonu.
             Slain by a large abomination (6 damage)
             ... on level 1 of the Abyss.
             The game lasted 00:00:13 (119 turns).

Gargoyl the Skirmisher (Centaur Abyssal Knight)      Turns: 119, Time: 00:00:14

Health: -1/19      AC:  4    Str: 14    XL:     1   Next: 0%
Magic:  2/2        EV:  9    Int: 11    God:    Lugonu [*.....]
Gold:   0          SH:  0    Dex:  8    Spells: 0/0 levels left

rFire    . . .     SeeInvis .   a - +1 hand axe
rCold    . . .     Gourm    .   (no shield)
rNeg     . . .     Faith    .   b - +0 leather armour
rPois    .         Spirit   .   (no helmet)
rElec    .         Reflect  .   (no cloak)
rCorr    .         Harm     .   (no gloves)
MR       .....                  (no barding)
Stlth    ..........             (no amulet)
HPRegen  0.06/turn              (no ring)
MPRegen  0.08/turn              (no ring)

@: very quick
A: large, hooves 3, deformed body, speed 2, tough skin 3
a: Depart the Abyss, Renounce Religion


You were on level 1 of the Abyss.
You worshipped Lugonu.
Lugonu was aware of your devotion.
You were not hungry.

You visited 0 branches of the dungeon, and saw 0 of its levels.
You visited the Abyss 1 time.

Inventory:

Hand Weapons
 a - a +1 hand axe (weapon)
Armour
 b - a +0 leather armour (worn)
Comestibles
 c - a ration


   Skills:
 + Level 3.0 Fighting
 + Level 1.7 Axes
 + Level 1.3 Armour
 + Level 0.6 Dodging
 + Level 2.0 Invocations


You couldn't memorise any spells.
You didn't know any spells.
Your spell library was empty.

Dungeon Overview and Level Annotations

Branches:
Dungeon (0/15)

Altars:


Innate Abilities, Weirdness & Mutations

You have hooves in place of feet.
Armour fits poorly on your strangely shaped body.
You cover ground very quickly.
You have extremely tough skin. (AC +3)


Message History

A neqoxec comes into view.
The neqoxec shouts!
The ynoxinul gestures.
A worldbinder comes into view.
A tentacled starspawn comes into view.
The worldbinder calls forth creatures from the Spider Nest!
A large abomination comes into view.
Tentacles burst from the starspawn's body! 2 starspawn tentacles come into view.
Found a scroll labeled OTEGRU KUBIFI.
The large abomination hits you!
Ouch! That really hurt!
* * * LOW HITPOINT WARNING * * *
The worldbinder calls forth creatures from the Spider Nest!
You see here a scroll labeled OTEGRU KUBIFI.
d - a scroll labeled OTEGRU KUBIFI
As you read the scroll labeled OTEGRU KUBIFI, it crumbles to dust.
The creatures around you are filled with an inner flame!
It was a scroll of immolation.
The large abomination hits you.
You die...

..#...#.. .#
#.......
...#..#..#.# ..#.#
........#.###.... 3
.... ........#...
#...###.#.#.s.#.##
#..##.#..#s##....55
#.#....# .##.#.#
#.Xs#..s...####. .
#@#. ..#.##.ยง# ##.
#...#.#.## . # ##
#.#....#.. ..
#.#..#####.. #. ..
.##.... ..# .###.
.....### .. .#.. ..
# ## .


You could see a large abomination (inner flame) and a tarantella.

Vanquished Creatures (others)
  2 starspawn tentacles (Abyss:1)
2 creatures vanquished.

Notes
Turn   | Place    | Note
-------+----------+-------------------------------------------
     0 | Abyss:1  | Gargoyl the Centaur Abyssal Knight began the quest for the
                  | Orb.
     0 | Abyss:1  | Reached XP level 1. HP: 19/19 MP: 2/2
    20 | Abyss:1  | Found a basalt altar of Yredelemnul.
    26 | Abyss:1  | Found a basalt altar of Yredelemnul.
    64 | Abyss:1  | Found a shimmering altar of Xom.
    89 | Abyss:1  | Noticed a ynoxinul
    94 | Abyss:1  | Noticed a ynoxinul
    99 | Abyss:1  | Noticed a neqoxec
   101 | Abyss:1  | Noticed a worldbinder
   109 | Abyss:1  | Noticed a tentacled starspawn
   109 | Abyss:1  | Noticed a large abomination
   110 | Abyss:1  | Noticed a tarantella
   110 | Abyss:1  | Noticed a tarantella
   119 | Abyss:1  | Slain by a large abomination

Levels and vault maps discovered:
Abyss:1

Action                   || total
-------------------------++-------
  Use: Scroll            ||     1

Table legend:
 A = Non-vault XP
 B = Vault XP
 C = Vault XP percentage of total XP
 D = Non-vault monster count
 E = Vault monster count
 F = Vault count percentage of total count
                 A         B        C        D         E       F
            +---------+---------+-------+---------+---------+-------
      Total |       0 |       0 |   N/A |       0 |       0 |  -nan
            +---------+---------+-------+---------+---------+-------
            +---------+---------+-------+---------+---------+-------
